 Dungeon Sprint DCSS version 0.31-a0-750-gfe7b580527 (webtiles) character file.

Game seed: 3262635764293733993

8024 rocky1 the Wrestler (level 11, -3/101 HPs)
             Began as a Troll Shapeshifter on Sept 15, 2023.
             Was an Initiate of Gozag.
             Slain by a dire elephant (23 damage)
             ... in the Dungeon (Sprint IX: "|||||||||||||||||||||||||||||").
             The game lasted 00:02:04 (1373 turns).

rocky1 the Wrestler (Troll Shapeshifter)            Turns: 1373, Time: 00:02:05

Health: -3/101     AC:  4    Str: 26    XL:     11   Next: 4%
Magic:  10/10      EV: 14    Int:  6    God:    Gozag
Gold:   2655       SH:  0    Dex: 14    Spells: 10/10 levels left

rFire   . .          .
                       - Unarmed
rCold   . . .        (no shield)
rNeg    . . .        a - +0 animal skin
rPois   .            (helmet currently unavailable)
rElec   .            (cloak currently unavailable)
rCorr   .            (gloves unavailable)
SInv    .            (boots unavailable)
Will    .....        (no amulet)
Stlth   +            n - +2 ring of evasion
HPRegen 1.16/turn    o - +3 ring of dexterity
MPRegen 0.12/turn

%: no teleportation
@: beast-form
A: beast (slay +4), large, unfitting armour, claws 3, regeneration 1, shaggy fur
1, tough skin 1
a: Begin Untransformation, Renounce Religion, Potion Petition, Call Merchant,
Bribe Branch


You were in the Dungeon.
You worshipped Gozag.
Gozag was most pleased with you.
You were a hulking beast.
You visited 1 branch You collected 2655 gold pieces.

Inventory:

Armour
 a - a +0 animal skin (worn)
Jewellery
 n - a +2 ring of evasion (left claw)
 o - a +3 ring of dexterity (right claw)
Talismans
 c - a beast talisman (active)
 d - a flux talisman
Wands
 m - a wand of roots (9)
Scrolls
 j - 3 scrolls of blinking
 k - 2 scrolls of identify
 l - 2 scrolls of amnesia
 q - 2 scrolls of enchant armour
 r - a scroll of fog
Potions
 b - 3 potions of resistance
 e - 8 potions of curing
 f - 3 potions of heal wounds
 g - a potion of haste
 h - 4 potions of magic
 i - a potion of berserk rage
Miscellaneous
 p - a phantom mirror


   Skills:
 + Level 4.4 Fighting
 + Level 6.0 Dodging
 * Level 22.5 Unarmed Combat
 + Level 10.6 Shapeshifting


You had 10 spell levels left.
You didn't know any spells.
Your spell library was empty.

Dungeon Overview and Level Annotations

Branches:
Dungeon (1/1)

Altars:
Cheibriados
Dithmenos
Elyvilon
Fedhas
Gozag
Hepliaklqana
Kikubaaqudgha
Makhleb
Nemelex Xobeh
Okawaru
Qazlal
Ru
Sif Muna
Trog
Uskayaw
Vehumet
Wu Jian
Xom
Yredelemnul
Zin
The Shining One
Jiyva
Lugonu


Innate Abilities, Weirdness & Mutations

You are a hulking beast.
Your limbs bulge with bestial killing power. (Slay +4)
You are too large for most types of armour.
You have claws for hands.
Your natural rate of healing is unusually fast.
You are covered in fur. (AC +1)
You have tough skin. (AC +1)


Message History

Roots grab the elephant.
Roots grab the dire elephant.
The grasping roots constrict the elephant.
The grasping roots constrict the dire elephant.
The elephant struggles to escape constriction.
The grasping roots constrict the elephant, but do no damage.
The grasping roots constrict the dire elephant, but do no damage.
The roots release their grip on the dire elephant.
The elephant tramples you!
You stumble backwards!
The roots lose their grip on the elephant.
You scratch the elephant.
The elephant is lightly wounded.
The elephant barely misses you. The elephant trunk-slaps you.
You mangle the elephant!!
The elephant is severely wounded.
You claw the elephant!
The elephant is almost dead.
The elephant closely misses you. The elephant trunk-slaps you.
You mangle the elephant!!
You kill the elephant!
Your Dodging skill increases to level 6!
Unknown command.
The dire elephant attacks as it pursues you!
The dire elephant tramples you!!!
* * * LOW HITPOINT WARNING * * *
You stumble backwards!
There is an open door, spattered with blood here.
You mangle the dire elephant!! You claw the dire elephant!
The dire elephant is moderately wounded.
You mangle the dire elephant!! You claw the dire elephant.
The dire elephant is severely wounded.
The dire elephant tramples you.
* * * LOW HITPOINT WARNING * * *
You stumble backwards!
You scratch the dire elephant but do no damage.
The dire elephant is severely wounded.
You completely miss the dire elephant.
The dire elephant is severely wounded.
The dire elephant tramples you!!
You die...
Your body crumbles into a pile of gold.

▓▓▓▓▓▓▓▓▓▓▓▓▓▓▓▓▓▓▓▓▓▓▓▓▓▓▓▓▓▓▓▓▓
.......'........hY.Y.Y.Y.$Y'.....
▓▓▓▓▓▓▓▓▓▓▓▓▓▓▓▓▓▓▓▓▓▓▓▓▓▓▓▓▓▓▓▓▓
.................................
▓▓▓▓▓▓▓▓▓▓▓▓▓▓▓▓▓▓▓▓▓▓▓▓▓▓▓▓▓▓▓▓▓
..'________________________'..).[
▓▓▓▓▓▓▓▓▓▓▓▓▓▓▓▓▓▓▓▓▓▓▓▓▓▓▓▓▓▓▓▓▓


You could see 2 dire elephants and 2 elephants.

Vanquished Creatures
  A dire elephant (D)
  A hydra (D)
  A boulder beetle (D)
  An ugly thing (D)
  A black mamba (D)
  2 elephants (D)
  6 cane toads (D)
  6 komodo dragons (D)
  A troll (D)
  A shadow (D)
  A yak (D)
  A steam dragon (D)
  2 vampire mosquitoes (D)
  A water moccasin (D)
  3 wolves (D)
  A phantom (D)
  A kobold brigand (D)
  A bullfrog (D)
  A gnoll sergeant (D)
  A scorpion (D)
  A hound (D)
  An orc (D)
  A hobgoblin (D)
  A jackal (D)
  A quokka (D)
  A ball python (D)
  A bat (D)
  A rat (D)
42 creatures vanquished.

Notes
Turn   | Place    | Note
-------+----------+-------------------------------------------
     0 | D        | rocky1 the Troll Shapeshifter began the quest for the Orb.
     0 | D        | Reached XP level 1. HP: 18/18 MP: 0/0
    17 | D        | Noticed a hound
    17 | D        | Noticed a phantom
    17 | D        | Noticed a scorpion
    21 | D        | Killed a hound
    22 | D        | Reached skill level 1 in Fighting
    22 | D        | Reached skill level 5 in Unarmed Combat
    22 | D        | Reached XP level 2. HP: 23/27 MP: 1/1
    22 | D        | Reached XP level 3. HP: 29/33 MP: 2/2
    25 | D        | Killed a phantom
    26 | D        | Reached skill level 7 in Unarmed Combat
    26 | D        | Reached skill level 5 in Shapeshifting
    26 | D        | Reached XP level 4. HP: 40/41 MP: 3/3
    33 | D        | Killed a scorpion
    34 | D        | Reached skill level 8 in Unarmed Combat
    34 | D        | Reached XP level 5. HP: 43/48 MP: 4/4
    39 | D        | Found a snail-covered altar of Cheibriados.
    39 | D        | Found a shadowy altar of Dithmenos.
    39 | D        | Found a white marble altar of Elyvilon.
    39 | D        | Found a blossoming altar of Fedhas.
    39 | D        | Found an opulent altar of Gozag.
    40 | D        | Found a hazy altar of Hepliaklqana.
    41 | D        | Found a viscous altar of Jiyva.
    42 | D        | Found an ancient bone altar of Kikubaaqudgha.
    43 | D        | Found a corrupted altar of Lugonu.
    44 | D        | Found a burning altar of Makhleb.
    45 | D        | Found a sparkling altar of Nemelex Xobeh.
    46 | D        | Found an iron altar of Okawaru.
    47 | D        | Became a worshipper of Gozag Ym Sagoz the Greedy
    48 | D        | Found a stormy altar of Qazlal.
    49 | D        | Found a sacrificial altar of Ru.
    50 | D        | Found a shimmering blue altar of Sif Muna.
    51 | D        | Found a bloodstained altar of Trog.
    52 | D        | Found a hide-covered altar of Uskayaw.
    53 | D        | Found a radiant altar of Vehumet.
    54 | D        | Found an ornate altar of the Wu Jian Council.
    55 | D        | Found a shimmering altar of Xom.
    56 | D        | Found a basalt altar of Yredelemnul.
    57 | D        | Found a glowing silver altar of Zin.
    58 | D        | Found a glowing golden altar of the Shining One.
   184 | D        | Noticed a yak
   184 | D        | Noticed a steam dragon
   184 | D        | Noticed a shadow
   184 | D        | Noticed a vampire mosquito
   191 | D        | Reached skill level 9 in Unarmed Combat
   203 | D        | Killed a yak
   204 | D        | Reached skill level 11 in Unarmed Combat
   204 | D        | Reached XP level 6. HP: 57/57 MP: 5/5
   210 | D        | Killed a steam dragon
   211 | D        | Reached skill level 12 in Unarmed Combat
   211 | D        | Reached XP level 7. HP: 65/65 MP: 6/6
   213 | D        | Killed a shadow
   214 | D        | Reached skill level 13 in Unarmed Combat
   216 | D        | Killed a vampire mosquito
   572 | D        | Noticed a vampire mosquito
   572 | D        | Noticed a purple ugly thing
   572 | D        | Noticed a six-headed hydra
   572 | D        | Noticed a troll
   572 | D        | Noticed a boulder beetle
   572 | D        | Noticed a komodo dragon
   581 | D        | Killed a boulder beetle
   582 | D        | Reached skill level 15 in Unarmed Combat
   582 | D        | Reached XP level 8. HP: 39/74 MP: 7/7
   582 | D        | Killed a purple ugly thing
   583 | D        | Reached skill level 16 in Unarmed Combat
   584 | D        | Killed an eight-headed hydra
   585 | D        | Reached skill level 17 in Unarmed Combat
   585 | D        | Reached XP level 9. HP: 45/83 MP: 8/8
   590 | D        | Killed a troll
   591 | D        | Reached skill level 10 in Shapeshifting
   593 | D        | Killed a komodo dragon
   594 | D        | Reached skill level 18 in Unarmed Combat
   962 | D        | Noticed a black mamba
   962 | D        | Noticed a komodo dragon
   962 | D        | Noticed a cane toad
   962 | D        | Noticed an elephant
   962 | D        | Noticed a komodo dragon
   965 | D        | Noticed a cane toad
   971 | D        | Killed a black mamba
   972 | D        | Reached skill level 5 in Dodging
   975 | D        | Killed a komodo dragon
   978 | D        | Killed a cane toad
   979 | D        | Reached skill level 19 in Unarmed Combat
   979 | D        | Reached XP level 10. HP: 72/92 MP: 9/9
  1018 | D        | Killed an elephant
  1022 | D        | Killed a cane toad
  1023 | D        | Reached skill level 20 in Unarmed Combat
  1163 | D        | Noticed a cane toad
  1163 | D        | Noticed a cane toad
  1163 | D        | Noticed a cane toad
  1172 | D        | Killed a cane toad
  1174 | D        | Killed a cane toad
  1175 | D        | Reached skill level 21 in Unarmed Combat
  1177 | D        | Killed a cane toad
  1182 | D        | Noticed a cane toad
  1192 | D        | Killed a cane toad
  1349 | D        | Noticed a dire elephant
  1349 | D        | Noticed an elephant
  1349 | D        | Noticed an elephant
  1349 | D        | Noticed a dire elephant
  1349 | D        | Noticed a dire elephant
  1349 | D        | Noticed an elephant
  1357 | D        | Killed a dire elephant
  1358 | D        | Reached skill level 22 in Unarmed Combat
  1358 | D        | Reached XP level 11. HP: 63/101 MP: 10/10
  1373 | D        | Slain by a dire elephant

Illustrated notes

Levels and vault maps discovered:
D:        linesprint [early_d, line_temple, items_1, d_10, items_2, lair_1,
          lair_end, items_3, orc_1, orc_end, items_4, d_15, swamp_1, shoals_1,
          snake_1, spider_1, d_20, vaults_1, items_5, swamp_end, shoals_end,
          snake_end, spider_end, vaults_end, d_27, items_6, zot_1, zot_end,
          crypt_end, forest_end, elf_end, slime_end, tomb_end, abyss_end,
          pan_hell_end]

Skill      XL: |  1  2  3  4  5  6  7  8  9 10 11 |
---------------+----------------------------------+-----
Fighting       | 1 2 3 4 |  4.4
Dodging        | 2 3 4 5 6 |  6.0
Unarmed Combat | 5 7 8 11 12 15 17 19 22 | 22.5
Shapeshifting  | 4 5 6 7 8 9 10 | 10.6

Action                     |  1- 3 |  4- 6 |  7- 9 | 10-12 || total
---------------------------+-------+-------+-------+-------++-------
  Melee: Unarmed           |    14 |    29 |    38 |    55 ||   136
         Punch             |       |       |     4 |     9 ||    13
  Evoke: Wand              |       |       |       |     1 ||     1
    Use: Potion            |       |     1 |     2 |       ||     3
   Stab: Sleeping          |     1 |       |       |       ||     1
         Invisible         |       |       |     4 |       ||     4
         Distracted        |       |       |     1 |     1 ||     2
 Armour: Animal skin       |     6 |     6 |    13 |    21 ||    46
         Skin              |       |    15 |     1 |       ||    16
  Dodge: Dodged            |     5 |     3 |    14 |    11 ||    33

Table legend: (Time is in decaauts)
 A = Elapsed time spent in this place.
 B = Non-inter-level travel time spent in this place.
 C = Inter-level travel time spent in this place.
 D = Time resting spent in this place.
 E = Time spent auto-exploring this place.
 F = Levels seen in this place.
 G = Mean time per level.
                   A        B        C        D        E       F      G
               +--------+--------+--------+--------+--------+-----+--------+
         Total |   1339 |   1339 |      0 |    984 |      0 |   1 | 1339.0 |
       Dungeon |   1339 |   1339 |      0 |    984 |      0 |   1 | 1339.0 |
               +--------+--------+--------+--------+--------+-----+--------+

Top non-repeatable levels by time:
       D: 1339 daAuts
